AoeStats
← E-d-d-i-e91G

Black Forest

510060435Analyzed
2v2 RM · 4d ago on Sep 29, 2026· 23m 3s· 4 players
Game mode
Random Map
Map size
Medium (4 player)
Population
200
Speed
Normal
Resources
Standard
Victory
Conquest
Starting age
Dark Age
Ending age
Imperial Age
RankedLock teamsTeams togetherTeam positionsShared explorationLock speedFull tech treeHidden civsTurbo modeCheats
Victory
Defeat
🇩🇪 Saracens · Germany
695
+6
🇨🇳 Chinese · China
509
+12
🇦🇺 Britons · Australia
438
-9
🇦🇺 Shu · Australia
436
-9
征服者
0:53 Loom
Dankemerkel21
3:25 Loom
14:41 Feudal Age
19:54 Castle Age
18:38 Double-Bit Axe
18:35 Horse Collar
18:50 Gold Mining
21:35 Bow Saw
21:27 Heavy Plow
21:20 Stone Mining
E-d-d-i-e91G
14:51 Feudal Age
16:09 Wheelbarrow
15:19 Horse Collar
17:01 Double-Bit Axe
IAMASTROMAN9714
17:44 Feudal Age
18:18 Double-Bit Axe
18:38 Fishing Lines
19:34 Gold Mining
22:22 Man-at-Arms
Connection lost

Rejoining the realm…

Still unreachable

The connection could not be restored.

Session expired

The server has moved on; the page needs a fresh start.